 Dungeon Crawl Stone Soup version 0.29.1 (webtiles) character file.

Game seed: 2172956704616360792

168935 nshep25 the Severer (level 17, 0/132 HPs)
             Began as a Minotaur Fighter on Sept 14, 2022.
             Was the Champion of Hepliaklqana.
             Slain by an Executioner (16 damage)
             ... on level 4 of the Abyss.
             The game lasted 02:30:21 (20724 turns).

nshep25 the Severer (Minotaur Fighter)             Turns: 20724, Time: 02:30:21

Health: 0/132      AC: 18    Str: 28    XL:     17   Next: 34%
Magic:  16/16      EV: 23    Int:  5    God:    Hepliaklqana [******]
Gold:   1662       SH:  8    Dex: 21    Spells: 16/16 levels left

rFire   . . .      SeeInvis .   C - +6 war axe (freeze)
rCold   . . .      Faith    .   c - +0 buckler
rNeg    . . .      Spirit   .   k - +1 robe of Vines {NoPotionHeal Regen++++}
rPois   .          Reflect  .   Q - +2 hat {Will+}
rElec   .          Harm     .   o - +2 cloak
rCorr   .          Rampage  .   v - +0 pair of gloves of Ufigosh {Dex+4}
Will    ++...                   q - +2 pair of boots
Stlth   +++++.....              T - amulet of the acrobat
HPRegen 0.00/turn               r - +4 ring of protection
MPRegen 0.15/turn               a - +6 ring of dexterity

@: sick
A: reduced essence, horns 2, retaliatory headbutt, frail 1
a: Renounce Religion, Recall Ancestor, Ancestor Identity, Transference, Idealise


You were on level 4 of the Abyss.
You worshipped Hepliaklqana.
Hepliaklqana was exalted by your worship.
You visited 5 branches of the dungeon, and saw 24 of its levels.
You visited the Abyss 1 time.
You also visited: Sewer and Gauntlet.

You collected 4080 gold pieces.
You spent 2418 gold pieces at shops.

Inventory:

Hand Weapons
 C - a +6 war axe of freezing (weapon)
Armour
 c - a +0 buckler (worn)
 k - the +1 robe of Vines (worn) {NoPotionHeal Regen++++}
   (You found it on level 9 of the Dungeon)

   Its wearer cannot be healed by potions.
   Regen:     It increases your rate of health regeneration.
 o - a +2 cloak (worn)
 q - a +2 pair of boots (worn)
 v - the +0 pair of gloves of Ufigosh (worn) {Dex+4}
   (You acquired it in a Gauntlet)

   Dex:       It affects your dexterity (+4).
 Q - a +2 hat of willpower (worn)
Jewellery
 a - a +6 ring of dexterity (right hand)
 b - a ring of willpower
 r - a +4 ring of protection (left hand)
 s - a ring of resist corrosion
 I - a ring of protection from cold
 K - a ring of positive energy
 O - a ring of flight
 T - an amulet of the acrobat (around neck)
 X - an amulet of regeneration
 Y - a ring of see invisible
Wands
 l - a wand of light (8)
 m - a wand of charming (8)
 x - a wand of flame (25)
 E - a wand of mindburst (19)
 R - a wand of iceblast (11) (quivered)
Scrolls
 e - 11 scrolls of teleportation
 i - 3 scrolls of blinking
 y - 6 scrolls of enchant armour
 F - 6 scrolls of magic mapping
 H - 3 scrolls of amnesia
 J - 3 scrolls of fear
 U - a scroll of summoning
 V - a scroll of fog
Potions
 d - 4 potions of might
 f - 13 potions of curing
 g - 6 potions of brilliance
 n - 5 potions of haste
 p - a potion of magic
 u - 2 potions of berserk rage
 z - 7 potions of flight
 A - 5 potions of cancellation
 B - 3 potions of resistance
 G - 6 potions of heal wounds
 M - 4 potions of ambrosia
Miscellaneous
 h - a box of beasts (inert)
 L - a condenser vane
 P - a piece from Xom's chessboard (15/15)
 W - a phial of floods


   Skills:
 + Level 18.8 Fighting
 + Level 20.7 Axes
 + Level 1.1 Throwing
 + Level 9.5 Armour
 + Level 14.2 Dodging
 + Level 9.9 Stealth
 + Level 13.5 Shields
 + Level 0.2 Invocations
 + Level 0.9 Evocations


You had 16 spell levels left.
You didn't know any spells.
Your spell library contained the following spells:

 Spells                   Type           Power      Damage    Failure   Level
 Necrotise                Necr           0%         1d4       52%         1
 Sting                    Tmut/Pois      0%         1d3       52%         1
 Blink                    Tloc           0%         N/A       67%         2
 Poisonous Vapours        Pois/Air       0%         N/A       67%         2
 Static Discharge         Conj/Air       0%         3-3/arc   67%         2
 Dazzling Flash           Conj/Hex       0%         N/A       88%         3
 Inner Flame              Hex/Fire       0%         N/A       88%         3
 Lesser Beckoning         Tloc           0%         N/A       88%         3
 Vampiric Draining        Necr           0%         2d6       88%         3
 Cause Fear               Hex            0%         N/A       99%         4
 Fulminant Prism          Conj/Hex       0%         3d6       99%         4
 Iskenderun's Mystic Bla  Conj/Tloc      0%         2d3       99%         4
 Olgreb's Toxic Radiance  Pois           0%         N/A       99%         4
 Summon Ice Beast         Ice/Summ       0%         N/A       99%         4
 Agony                    Necr           0%         N/A       100%        5
 Lee's Rapid Deconstruct  Erth           0%         3d5*      100%        5
 Lightning Bolt           Conj/Air       0%         1d11      100%        5
 Manifold Assault         Tloc           0%         N/A       100%        5
 Silence                  Hex/Air        0%         N/A       100%        5
 Summon Mana Viper        Hex/Summ       0%         N/A       100%        5
 Starburst                Conj/Fire      0%         6d3       100%        6
 Monstrous Menagerie      Summ           0%         N/A       100%        7
 Discord                  Hex            0%         N/A       100%        8
 Maxwell's Capacitive Co  Air            0%         ∞         100%        8


Dungeon Overview and Level Annotations

Branches:
Dungeon (15/15)            Temple (1/1) D:6            Lair (5/5) D:8
  Swamp (0/4) Lair:3        Snake (0/4) Lair:3        Slime (0/5) Lair:5
    Orc (2/2) D:12            Elf (1/3) Orc:2        Vaults (0/5) D:13
 Depths (0/4) D:15          Sewer (visited)         Gauntlet (visited)

Altars:
Ashenzari
Cheibriados
Dithmenos
Elyvilon
Fedhas
Gozag
Hepliaklqana
Kikubaaqudgha
Makhleb
Nemelex Xobeh
Okawaru
Qazlal
Ru
Sif Muna
Trog
Uskayaw
Vehumet
Wu Jian
Xom
Yredelemnul
Zin
The Shining One
Jiyva

Shops:
D:3 ?   D:10 *   Orc:1 =   Orc:2 *?:(


Innate Abilities, Weirdness & Mutations

Your life essence is reduced to manifest your ancestor. (-10% HP)
You have a pair of horns on your head.
You reflexively headbutt those who attack you in melee.
You are frail. (-10% HP)


Message History

The Executioner hits you but does no damage.
The Executioner hits you!
* * * LOW HITPOINT WARNING * * *
The Executioner hits you but does no damage.
The Executioner hits you.
* * * LOW HITPOINT WARNING * * *
The Executioner attacks as you move away!
The Executioner closely misses you. You furiously retaliate!
You headbutt the Executioner, but do no damage.
The Executioner hits you but does no damage.
You block the Executioner's attack. The Executioner completely misses you.
You furiously retaliate!
You headbutt the Executioner, but do no damage.
The Executioner hits you but does no damage.
The Executioner completely misses you. You block the Executioner's attack.
The Executioner misses you. The Executioner completely misses you.
A starcursed mass comes into view.
The Executioner hits you.
* * * LOW HITPOINT WARNING * * *
The Executioner closely misses you. You block the Executioner's attack.
The Executioner closely misses you. You furiously retaliate!
You headbutt the Executioner. The Executioner misses you.
The Executioner completely misses you.
The Executioner attacks as you move away!
The Executioner misses you. The Executioner completely misses you.
You block the Executioner's attack. x2; The Executioner closely misses you.
The Executioner completely misses you.
The starcursed mass shrieks in your mind.
* * * LOW HITPOINT WARNING * * *
The Executioner completely misses you. You furiously retaliate!
You headbutt the Executioner, but do no damage.
The Executioner barely misses you. The Executioner closely misses you.
You block the Executioner's attack.
The Executioner hits you but does no damage.
The Executioner completely misses you.
A starcursed mass splits.
The Executioner completely misses you. x3
You open the lid... ...and a larval weirdfire beast leaps out!
The box is emptied!
The Executioner hits you!
You die...

#...#.#.§...... .
#.#...X.... . ....
# ...........~~. ≈
#............~~.~
#..R.........~~.~.
##.########. ≈≈≈~
#.#.# ..~ ≈ ~
##1.##.#. #.......
#@...XX.. # ... .
#.#H..... ##### #
#.....#..
.#..###.## ##..#.
.# ##### .


You could see 2 starcursed masses, an Executioner (fast, ally target) and a
friendly larval weirdfire beast (summoned).

Vanquished Creatures
  An orc warlord (Orc:2)
  A deep elf demonologist (Elf:1)
  A deep elf annihilator (Elf:1)
  The ghost of Murgh the Cleaver, a journeyman MiBe of Trog (Lair:4)
  A minotaur (Gauntlet)
  A deep elf death mage (Elf:1)
  2 fire dragons
  A rakshasa (D:14)
  5 hydras
  3 ogre magi
  A boulder beetle (D:14)
  A vault guard (D:13)
  3 centaur warriors
  13 two-headed ogres
  7 dancing weapons (Elf:1)
  3 tengu warriors
  13 death yaks
  An orc high priest (Orc:2)
  2 thrashing horrors (Abyss:4)
  5 deep elf knights
  4 sixfirhies (Gauntlet)
  2 deep trolls (Orc:2)
  Lodul (D:11)
  4 deep elf archers (Elf:1)
  A lindwurm (Lair:5)
  3 orc knights
  Pikel (D:8)
  An oklob plant (Lair:2)
  2 orc sorcerers
  12 deep elf pyromancers
  10 deep elf zephyrmancers (Elf:1)
  9 ugly things
  5 cyclopes
  A wolf spider (D:15)
  Joseph (Lair:1)
  5 black mambas
  2 elephants
  A guardian serpent (Lair:3)
  A gargoyle (D:7)
  9 cane toads
  8 rime drakes
  Psyche (D:12)
  2 efreet
  7 komodo dragons
  2 kobold demonologists
  An ancient zyme (Abyss:4)
  5 meliai
  7 polar bears
  A tarantella (shapeshifter) (D:15)
  Grinder (D:4)
  15 trolls
  7 hornets
  3 blink frogs
  A raiju (shapeshifter) (D:13)
  6 dream sheep (Lair:5)
  Sigmund (D:6)
  6 small abominations (Gauntlet)
  A centaur simulacrum (D:14)
  16 flying skulls (D:13)
  2 shadows (D:12)
  30 yaks
  10 spriggans (Lair:5)
  3 basilisks
  6 wyverns
  3 wraiths
  2 hogs (D:7)
  A human (D:7)
  5 vampire mosquitoes
  A chaos spawn (Abyss:3)
  2 large abominations
  4 steam dragons
  A redback simulacrum (D:15)
  2 wargs
  3 swamp worms (Lair:3)
  A two-headed ogre zombie (D:12)
  An acid dragon (D:7)
  15 water moccasins
  Pargi (Sewer)
  17 orc warriors
  A spectral torpor snail (Gauntlet)
  4 black bears
  An ice beast (D:7)
  24 ogres
  2 boggarts (Lair:5)
  2 centaurs
  27 wolves
  2 phantoms
  3 lemures (D:8)
  2 kobold brigands
  9 bullfrogs
  2 gnoll sergeants (D:6)
  12 scorpions
  15 wights
  A troll zombie (D:12)
  8 howler monkeys
  2 jellies (D:6)
  Crazy Yiuf (D:2)
  A gnoll bouda (D:8)
  6 orc priests
  An iguana (D:6)
  11 orc wizards
  3 hell rats (Lair:5)
  5 ogre zombies (D:12)
  4 gnolls
  14 adders
  A river rat (D:5)
  A shadow imp (D:6)
  A white imp (D:6)
  3 ufetubi
  2 worms (D:5)
  A dart slug (D:1)
  46 orcs
  8 bats
  6 endoplasms
  4 giant cockroaches
  6 goblins
  4 hobgoblins
  3 jackals (D:3)
  9 kobolds
  A quokka (D:5)
  14 ball pythons
  7 frilled lizards
  A goblin skeleton (D:12)
  4 goblin zombies (D:12)
  A hobgoblin skeleton (D:12)
  2 hobgoblin zombies (D:12)
  3 orc skeletons (D:12)
  5 orc zombies (D:12)
  13 rats
  3 bushes (D:9)
654 creatures vanquished.

Vanquished Creatures (collateral kills)
  Gastronok (Lair:1)
  Agnes (Elf:1)
  A frost giant (D:15)
  A deep elf demonologist (Elf:1)
  A deep elf death mage (Elf:1)
  A fire dragon (Lair:5)
  A hydra (D:14)
  5 boulder beetles
  6 two-headed ogres
  2 centaur warriors (D:15)
  A two-headed ogre (shapeshifter) (Elf:1)
  A death scarab (Gauntlet)
  The ghost of freelancePsychic the Skirmisher, a novice MeIE of Okawaru (D:9)
  3 thrashing horrors (Abyss:4)
  2 dancing weapons (Elf:1)
  Nergalle (Orc:1)
  A skeletal warrior (D:13)
  3 deep elf knights (Elf:1)
  3 cyclopes
  2 deep elf pyromancers (Elf:1)
  3 deep elf zephyrmancers (Elf:1)
  2 ugly things
  2 black mambas
  Maurice (D:11)
  An ice statue (Lair:4)
  4 elephants
  An orange demon (Abyss:4)
  3 cane toads
  3 gargoyles
  3 rime drakes
  An efreet (D:14)
  3 polar bears
  A meliai (D:14)
  A tengu conjurer (D:14)
  3 trolls
  A raiju (Abyss:3)
  3 blink frogs
  2 dream sheep (Lair:5)
  4 spriggans (Lair:5)
  6 flying skulls (D:13)
  2 water elementals (Elf:1)
  A shadow (D:12)
  2 hogs (D:7)
  4 steam dragons (Lair:5)
  6 yaks
  5 vampire mosquitoes
  A warg (Orc:1)
  2 acid dragons (D:10)
  5 water moccasins
  4 orc warriors
  2 black bears
  4 wolves
  5 ogres
  A boggart (Lair:5)
  2 centaurs (D:9)
  A lemure (D:8)
  4 bullfrogs
  An earth elemental (Elf:1)
  2 wights
  2 howler monkeys (D:10)
  4 orc priests
  2 orc wizards
  A hell rat (Lair:5)
  An ogre zombie (D:12)
  A gnoll (D:8)
  11 orcs
  3 kobolds
  2 goblin zombies (D:12)
  2 hobgoblin zombies (D:12)
  2 orc skeletons (D:12)
  3 orc zombies (D:12)
  A butterfly (Lair:1)
175 creatures vanquished.

Vanquished Creatures (others)
  A rime drake (Lair:5)
  A phantom (D:7)
  An ancestor (D:9)
  11 battlemagi
  An adder (D:6)
  A bush (D:9)
  16 demonic plants (Gauntlet)
  38 fungi
  35 plants
105 creatures vanquished.

Grand Total: 934 creatures vanquished

Notes
Turn   | Place    | Note
-------+----------+-------------------------------------------
     0 | D:1      | nshep25 the Minotaur Fighter began the quest for the Orb.
     0 | D:1      | Reached XP level 1. HP: 19/19 MP: 0/0
    91 | D:1      | Reached XP level 2. HP: 26/27 MP: 1/1
   272 | D:1      | Found a faded altar of an unknown god.
   676 | D:2      | Reached XP level 3. HP: 33/33 MP: 2/2
   939 | D:2      | Reached skill level 3 in Axes
  1084 | D:2      | Found a runed translucent door.
  1085 | D:2      | Noticed Crazy Yiuf
  1090 | D:2      | Killed Crazy Yiuf
  1091 | D:2      | Reached XP level 4. HP: 32/40 MP: 0/3
  1609 | D:3      | Found Lyahy's Magic Scroll Emporium.
  1618 | D:3      | Bought a scroll of identify for 24 gold pieces
  1652 | D:3      | Reached skill level 4 in Axes
  2001 | D:4      | Noticed Grinder
  2013 | D:4      | Killed Grinder
  2014 | D:4      | Reached skill level 5 in Axes
  2014 | D:4      | Reached skill level 5 in Armour
  2014 | D:4      | Reached skill level 1 in Dodging
  2014 | D:4      | Reached XP level 5. HP: 30/47 MP: 4/4
  2014 | D:4      | Reached XP level 6. HP: 33/53 MP: 5/5
  2697 | D:5      | Entered Level 5 of the Dungeon
  2718 | D:5      | Reached skill level 6 in Axes
  2738 | D:5      | Noticed a water moccasin
  2747 | D:5      | Killed a water moccasin
  2773 | D:5      | Reached XP level 7. HP: 46/60 MP: 6/6
  2806 | D:5      | Found a glowing drain.
  2814 | Sewer    | Entered a sewer
  2829 | Sewer    | Noticed Pargi
  2837 | Sewer    | Killed Pargi
  2838 | Sewer    | Reached skill level 7 in Axes
  2854 | Sewer    | Reached skill level 5 in Fighting
  3145 | D:5      | Found a bloodstained altar of Trog.
  3598 | D:5      | Reached skill level 5 in Shields
  3622 | D:5      | Reached skill level 8 in Axes
  3622 | D:5      | Reached XP level 8. HP: 58/69 MP: 7/7
  4209 | D:6      | Reached skill level 9 in Axes
  4248 | D:6      | Reached skill level 1 in Stealth
  4544 | D:6      | Found a staircase to the Ecumenical Temple.
  4552 | Temple   | Entered the Ecumenical Temple
  4660 | Temple   | Became a worshipper of Hepliaklqana the Forgotten
  4850 | D:6      | Reached XP level 9. HP: 74/77 MP: 8/8
  4877 | D:6      | Reached skill level 10 in Axes
  5110 | D:6      | Noticed Sigmund
  5118 | D:6      | Killed Sigmund
  5635 | D:6      | Reached skill level 11 in Axes
  5967 | D:7      | Noticed a cyclops
  5968 | D:7      | You fall into a shaft and drop 3 floors!
  5968 | D:10     | Entered Level 10 of the Dungeon
  5973 | D:9      | Reached * piety under Hepliaklqana
  6061 | D:9      | Found a shimmering blue altar of Sif Muna.
  6127 | D:9      | Found a stormy altar of Qazlal.
  6140 | D:9      | Found a radiant altar of Vehumet.
  6179 | D:9      | Noticed freelancePsychic's ghost (novice MeIE)
  6182 | D:9      | Found a transporter.
  6185 | D:9      | Found a transporter.
  6208 | D:9      | Noticed a troll
  6210 | D:9      | Killed a troll
  6210 | D:9      | Noticed a troll
  6215 | D:9      | Noticed a four-headed hydra
  6221 | D:9      | Killed a troll
  6222 | D:9      | Reached XP level 10. HP: 35/77 MP: 9/9
  6247 | D:9      | Killed a ten-headed hydra
  6248 | D:9      | Reached skill level 12 in Axes
  6558 | D:9      | Found the +1 robe of Vines {NoPotionHeal Regen++++}
  6867 | D:9      | Reached ** piety under Hepliaklqana
  6868 | D:9      | Remembered your ancestor Cipactli as a battlemage
  7245 | D:8      | Noticed Pikel
  7260 | D:8      | Killed Pikel
  7296 | D:8      | Reached skill level 5 in Dodging
  7390 | D:8      | Reached skill level 1 in Throwing
  7433 | D:8      | Reached skill level 13 in Axes
  7800 | D:8      | Found a staircase to the Lair.
  7909 | D:8      | Found a shadowy altar of Dithmenos.
  7909 | D:8      | Found a blossoming altar of Fedhas.
  8021 | D:7      | Noticed a gargoyle
  8047 | D:7      | Killed a gargoyle
  8048 | D:7      | Reached XP level 11. HP: 37/85 MP: 10/10
  8144 | D:7      | Reached *** piety under Hepliaklqana
  8712 | Lair:1   | Entered Level 1 of the Lair of Beasts
  8771 | Lair:1   | Reached skill level 14 in Axes
  8797 | Lair:1   | Noticed Gastronok
  8810 | Lair:1   | Killed Gastronok
  8924 | Lair:1   | Reached skill level 10 in Fighting
  9029 | Lair:1   | Noticed Joseph
  9037 | Lair:1   | Killed Joseph
  9100 | Lair:1   | Reached skill level 15 in Axes
  9228 | Lair:1   | Reached **** piety under Hepliaklqana
  9461 | Lair:2   | Reached XP level 12. HP: 97/97 MP: 11/11
 10254 | Lair:3   | Noticed a boulder beetle
 10276 | Lair:3   | Killed a boulder beetle
 10277 | Lair:3   | Reached skill level 16 in Axes
 10327 | Lair:3   | Noticed a seven-headed hydra
 10347 | Lair:3   | Killed a 12-headed hydra
 10389 | Lair:3   | Found a gate leading to a gauntlet.
 10411 | Gauntlet | Entered a Gauntlet
 10411 | Gauntlet | Found a transporter.
 10411 | Gauntlet | Found a transporter.
 10411 | Gauntlet | Found a transporter.
 10415 | Gauntlet | Found a transporter.
 10415 | Gauntlet | Found a transporter.
 10416 | Gauntlet | Found a transporter.
 10424 | Gauntlet | Reached ***** piety under Hepliaklqana
 10425 | Gauntlet | Found a transporter.
 10426 | Gauntlet | Noticed a death scarab
 10429 | Gauntlet | Found a transporter.
 10431 | Gauntlet | Found a transporter.
 10431 | Gauntlet | Found a transporter.
 10476 | Gauntlet | Found a transporter.
 10591 | Gauntlet | Found a transporter.
 10704 | Gauntlet | Killed a death scarab
 10724 | Gauntlet | Identified a scroll of acquirement
 10725 | Gauntlet | Acquired the +0 pair of gloves of Ufigosh {Dex+4}
 10756 | Gauntlet | Reached skill level 5 in Stealth
 10817 | Gauntlet | Noticed a minotaur
 10829 | Gauntlet | Killed a minotaur
 11090 | Lair:3   | Found a staircase to the Snake Pit.
 11449 | Lair:3   | Found a staircase to the Swamp.
 11575 | Lair:4   | Noticed a death yak
 11577 | Lair:4   | Found a transporter.
 11580 | Lair:4   | Found a transporter.
 11608 | Lair:4   | Noticed a boulder beetle
 11625 | Lair:4   | Reached XP level 13. HP: 106/106 MP: 12/12
 11635 | Lair:4   | Reached skill level 17 in Axes
 11635 | Lair:4   | Reached skill level 10 in Shields
 11635 | Lair:4   | Reached XP level 14. HP: 114/114 MP: 13/13
 11775 | Lair:4   | You fall into a shaft and drop 1 floor!
 11775 | Lair:5   | Entered Level 5 of the Lair of Beasts
 11935 | Lair:5   | Reached skill level 10 in Dodging
 12133 | Lair:5   | Found a viscous altar of Jiyva.
 12133 | Lair:5   | Found a staircase to the Slime Pits.
 12478 | Lair:5   | Reached skill level 18 in Axes
 12687 | Lair:5   | Reached XP level 15. HP: 125/125 MP: 14/14
 13612 | Lair:4   | Noticed Murgh's ghost (journeyman MiBe)
 13712 | Lair:4   | Reached skill level 15 in Fighting
 13719 | Lair:4   | Killed Murgh's ghost
 14004 | D:3      | Bought a scroll of acquirement for 624 gold pieces
 14004 | D:3      | Acquired 806 gold pieces
 14159 | D:9      | Killed freelancePsychic's ghost
 14266 | D:10     | Found Egrup's General Store.
 14277 | D:10     | Bought a +2 plate armour of cold resistance for 600 gold
                  | pieces
 14593 | D:11     | Noticed Lodul
 14600 | D:11     | Killed Lodul
 14621 | D:11     | Noticed Maurice
 14628 | D:11     | Killed Maurice
 14786 | D:11     | Reached ****** piety under Hepliaklqana
 15224 | D:12     | Found a staircase to the Orcish Mines.
 15429 | D:12     | Found a sparkling altar of Nemelex Xobeh.
 15473 | D:12     | Noticed Psyche
 15484 | D:12     | Killed Psyche
 15919 | D:13     | Reached skill level 19 in Axes
 15974 | D:13     | Found the +3 giant club "Skullcrusher" {speed, Str+7}
 16276 | D:13     | Found a gate to the Vaults.
 16898 | D:14     | Found a shimmering blue altar of Sif Muna.
 17558 | D:15     | Entered Level 15 of the Dungeon
 17614 | D:15     | Reached XP level 16. HP: 136/136 MP: 15/15
 17955 | D:15     | Identified the +0 leather armour of Daffodils {Harm}
 18317 | D:15     | Found a staircase to the Depths.
 18439 | Orc:1    | Entered Level 1 of the Orcish Mines
 18439 | Orc:1    | Found Iguul's Jewellery Emporium.
 18568 | Orc:1    | Noticed Nergalle
 18582 | Orc:1    | Killed Nergalle
 18814 | Orc:2    | Entered Level 2 of the Orcish Mines
 18868 | Orc:2    | Found a staircase to the Elven Halls.
 18884 | Orc:2    | Found Ratasu's Magic Scroll Emporium.
 18887 | Orc:2    | Found Uppoceb's Weapon Shoppe.
 18923 | Orc:2    | Reached skill level 20 in Axes
 18931 | Orc:2    | Found Plog's Assorted Antiques.
 18940 | Orc:2    | Found Ihanan's Book Emporium.
 18944 | Orc:2    | Bought a blackened tourmaline ring for 130 gold pieces
 19307 | Orc:2    | Bought a box of beasts for 1040 gold pieces
 19546 | Elf:1    | Entered Level 1 of the Elven Halls
 19699 | Elf:1    | Noticed Agnes
 19706 | Elf:1    | Killed Agnes
 20209 | Elf:1    | Reached XP level 17. HP: 149/149 MP: 16/16
 20444 | Elf:1    | Identified the +6 bardiche "Maduklau" {freeze, *Noise rN+
                  | Str+4 Dex+3}
 20446 | Elf:1    | Identified the +3 troll leather armour of Somewhere Else
                  | {Will++ Regen+ MP+9 Dex+2}
 20452 | Elf:1    | Noticed a Hell Sentinel
 20457 | Elf:1    | Noticed a Hell Sentinel
 20466 | Elf:1    | Gained mutation: You are frail. (-10% HP) [a neqoxec]
 20467 | Elf:1    | Noticed an Ice Fiend
 20583 | Elf:1    | Noticed an Ice Fiend
 20598 | Abyss:3  | Found a corrupted altar of Lugonu.
 20598 | Abyss:3  | Cast into level 3 of the Abyss (a deep elf demonologist)
 20724 | Abyss:4  | Slain by an Executioner

Illustrated notes

Levels and vault maps discovered:
D:1:      dpeg_arrival_ratfight, layout_rooms,
          nicolae_ecumenical_snake_handling, minmay_misc_feat_square,
          minmay_misc_feat_columns, minmay_misc_feat_tower, minmay_pentomino_p2
D:2:      layout_basic, chequers_serial_rivers_room_b, uniq_crazy_yiuf_cottage
D:3:      layout_basic, serial_shops, shop
D:4:      layout_rooms, minmay_misc_feat_nine_boxes, uniq_grinder
D:5:      old_forge, layout_basic, marbit_many_paths, lightli_sewer_entry_pipes,
          minmay_strange_pillars
D:6:      minmay_thinvault, layout_cave_pools, minmay_temple_entry_tees,
          hangedman_decor_lopped, uniq_sigmund
D:7:      layout_cave_pools, minmay_misc_feat_roman, grunt_livestock, kb_rosetta
D:8:      layout_basic, amethyst_overflow_temple_binary,
          grunt_lair_entry_orc_guard_hut, minivault_21, uniq_pikel
D:9:      nicolae_whirlpool, layout_stronghold, mainiacjoe_overflow_big_doors,
          mainiacjoe_overflow_cross_hatched, gammafunk_ghost_arena,
          kb_lookout_dungeons_type, hellmonk_guarded_unrand_vines
D:10:     layout_rooms, serial_shops,
          nicolae_shop_temple_entry_statues_fountains
D:11:     layout_roguey, uniq_lodul, uniq_maurice
D:12:     layout_loops_cross, zombieorc2_lemuel, nemelex_diamond_rough_becter,
          uniq_psyche
D:13:     layout_big_octagon, david_vaults_5, minmay_guarded_unrand_skullcrusher
D:14:     layout_stronghold, nicolae_benzene_ring, nicolae_sif_muna_condensation
D:15:     grunt_enter_depths_snipers, layout_loops_cross, nrook_uturn,
          minmay_mirror_moons_of_madness
Temple:   lightli_temple_of_artemis
Lair:1:   layout_loops_ring, serial_bayou_shore_a, lemuel_fruit_fields,
          uniq_joseph, uniq_gastronok
Lair:2:   layout_gridlike, minmay_lair_oklob_items, grunt_megastairs_5,
          serial_bayou_shore_b
Lair:3:   layout_loops_ring, minmay_swamp_entry_worms,
          minmay_snake_entry_spellcaster, gauntlet_entry_generic,
          grunt_megastairs_2
Lair:4:   layout_regular_city, nzn_ghost_randoct
Lair:5:   minmay_lair_end_enchanted_forest, layout_regular_city, slime_entry_1,
          bobbens_dragon_lair_wall, grunt_megastairs_4
Orc:1:    layout_caves, serial_shops, nicolae_shop_trees, lemuel_statue_altar,
          uniq_nergalle
Orc:2:    st_orc_open, layout_caves
Elf:1:    elf_arrival_002, layout_onion_city,
          hangedman_elven_crosses_minicolossus, orc_legates, uniq_agnes
Abyss:4:  base: D:14, minivault_27, serial_sigils_hangedman_snap,
          evilmike_nicolae_abyss_rune_containment_curve

Skill      XL: |  1  2  3  4  5  6  7  8  9 10 11 12 13 14 15 16 17 |
---------------+----------------------------------------------------+-----
Armour         | 4 5 6 7 8 9 |  9.5
Shields        | 4 5 6 7 8 9 10 11 12 13 | 13.5
Fighting       | 4 5 6 7 8 10 12 14 16 18 | 18.8
Axes           | 3 5 6 8 9 11 13 15 16 17 18 19 20 | 20.7
Dodging        | 1 2 3 4 5 7 8 9 11 12 13 14 | 14.2
Stealth        | 1 2 3 5 6 7 8 9 |  9.9
Throwing       | 1 |  1.1
Invocations    | |  0.2
Evocations     | |  0.9

Action                   |  1- 3 |  4- 6 |  7- 9 | 10-12 | 13-15 | 16-18 || total
-------------------------+-------+-------+-------+-------+-------+-------++-------
Melee: War axe           |    53 |    85 |   249 |   342 |   708 |   339 ||  1776
       Headbutt          |     6 |    14 |    33 |    75 |   190 |    66 ||   384
Throw: Dart              |       |       |       |     4 |       |       ||     4
Invok: Ancestor Identity |       |       |     1 |     1 |       |       ||     2
       Ancestor Life: Ba |       |       |       |     1 |       |       ||     1
       Recall Ancestor   |       |       |       |     1 |     1 |     1 ||     3
       Transference      |       |       |       |       |     1 |       ||     1
Evoke: Wand              |       |       |       |       |     4 |     6 ||    10
       Box of beasts     |       |       |       |       |       |     1 ||     1
  Use: Scroll            |       |    12 |     8 |    12 |     5 |     5 ||    42
       Potion            |       |       |       |     6 |     1 |       ||     7
 Stab: Distracted        |       |       |       |     9 |    13 |     9 ||    31
       Sleeping          |       |       |       |     2 |     8 |     6 ||    16
Armor: Scale mail        |    30 |    50 |   104 |     3 |       |       ||   187
       Robe              |       |       |       |    49 |    92 |    73 ||   214
Dodge: Dodged            |    38 |    32 |    99 |   183 |   407 |   302 ||  1061
Block: Buckler           |    14 |    26 |    56 |    91 |   206 |   119 ||   512
